 Dungeon Crawl Stone Soup version 0.31-a0-435-g2c6fae2 (webtiles) character file.

Game seed: 17308936730077742460

49 Dorkslayer the Insei (level 3, -2/23 HPs)
             Began as an Octopode Shapeshifter on July 31, 2023.
             Slain by a goblin
             ... wielding a +0 dagger
             ... led by Robin
              (5 damage)
             ... on level 2 of the Dungeon.
             The game lasted 00:03:45 (1579 turns).

Dorkslayer the Insei (Octopode Shapeshifter)        Turns: 1579, Time: 00:03:46

Health: -2/23      AC:  1    Str: 14    XL:     3   Next: 75%
Magic:  3/3        EV: 13    Int: 10    God:
Gold:   38         SH:  0    Dex: 14    Spells: 2/2 levels left

rFire   . .          .
                       - Unarmed
rCold   . . .        (no shield)
rNeg    . . .        (helmet currently unavailable)
rPois   .            (no amulet)
rElec   .            (no ring)
rCorr   .            (no ring)
SInv    .            (no ring)
Will    .....        (no ring)
Stlth   ++           (no ring)
HPRegen 0.23/turn    (no ring)
MPRegen 0.08/turn    (no ring)
                     (no ring)

%: no passive effects
@: beast-form, attractive, hasted, very quick
A: beast (slay +2), almost no armour, amphibious, 8 rings, camouflage 1,
gelatinous body 1, (nimble swimmer 1), tentacles
a: Begin Untransformation


You were on level 2 of the Dungeon.
You were a hulking beast.
You visited 1 branch of the dungeon, and saw 2 of its levels.

You collected 38 gold pieces.

Inventory:

Missiles
 e - a throwing net
 h - 3 curare-tipped darts (quivered)
Armour
 f - a +0 kite shield
Talismans
 b - a beast talisman (active)
Scrolls
 i - a scroll of blinking {unknown}
 j - a scroll of teleportation {unknown}
 k - a scroll of immolation {unknown}
 l - a scroll of acquirement {unknown}
 m - a scroll of amnesia {unknown}
Potions
 a - a potion of lignification
 d - a potion of invisibility {unknown}
 g - a potion of attraction


   Skills:
 + Level 1.1 Fighting
 * Level 0.4 Throwing
 + Level 2.1 Dodging
 + Level 0.1 Stealth
 * Level 4.3 Unarmed Combat
 - Level 3.0 Shapeshifting


You had 2 spell levels left.
You didn't know any spells.
Your spell library contained the following spells:

 Spells                   Type           Power      Damage    Failure   Level
 Magic Dart               Conj           0%         1d3       36%         1
 Call Imp                 Summ           0%         N/A       50%         2
 Mephitic Cloud           Conj/Pois/Air  0%         N/A       75%         3


Dungeon Overview and Level Annotations

Branches:
Dungeon (2/15)

Altars:

Annotations:
D:2 Robin


Innate Abilities, Weirdness & Mutations

You are a hulking beast.
Your limbs bulge with bestial killing power. (Slay +2)
You cannot wear most types of armour.
You are amphibious.
You can wear up to eight rings at the same time.
Your skin changes colour to match your surroundings (Stealth+).
Your rubbery body absorbs attacks. (AC +1, EV +1)
((You are camouflaged when in or above water. (Stealth+)))
You have tentacles for arms and can constrict up to eight enemies at once.


Message History

You tentacle-slap the kobold.
You kill the kobold!
Things that are here:
a +0 short sword; a kobold corpse 3 goblins, a frilled lizard and a worm come into view.
The goblin shouts! x2; The frilled lizard hisses angrily.
You hear a shout! x3
You hear a bark!
Robin of the Strong Arm comes into view.
They are wielding a +0 falchion.
Robin shouts!
You see here 15 gold pieces.
You now have 38 gold pieces (gained 15).
A goblin comes into view. It is wielding a +0 club.
You closely miss the goblin. You grab the goblin. You constrict the goblin.
The goblin hits you with a +0 dagger.
A goblin comes into view. It is wielding a +0 dagger.
A goblin comes into view. It is wielding a +0 club.
You barely miss the goblin.
The goblin is moderately wounded.
You constrict the goblin. The goblin hits you with a +0 dagger.
Robin throws the goblin at you!
A hobgoblin comes into view.
You release your grip on the goblin.
Things that are here:
a +0 club; a +0 club The goblin attacks as you move away!
The goblin hits you with a +0 dagger.
You see here a +0 dagger.
The goblin attacks as you move away! The goblin hits you with a +0 dagger.
* * * LOW HITPOINT WARNING * * *
Robin's bangles clink loudly.
Robin roars a battlecry!
The goblins go into a battle-frenzy!
You closely miss the goblin. You grab the goblin. You constrict the goblin.
The goblin escapes!
It was a potion of attraction.
You feel attractive to monsters. The goblin hits you with a +0 dagger.
* * * LOW HITPOINT WARNING * * *
It was a potion of haste.
You feel yourself speed up. The goblin hits you with a +0 dagger.
You die...

...gg ####.#####.#
#... ........#.# ?w.
..........#
#g#######.###.###
#....).g......#
#..g.).g......######..
#.######gg##..........
.. #g###.#######.# ##
#h# #.# #.# #.# #.#
#.. #?# ### #.# #.#
#.# #.#


You could see 5 goblins.

Vanquished Creatures
  A dart slug (D:1)
  6 endoplasms
  3 giant cockroaches
  3 hobgoblins
  10 kobolds
  A quokka (D:1)
  2 ball pythons (D:1)
  4 bats (D:1)
  3 frilled lizards
  5 goblins
  4 rats
42 creatures vanquished.

Notes
Turn   | Place    | Note
-------+----------+-------------------------------------------
     0 | D:1      | Dorkslayer the Octopode Shapeshifter began the quest for
                  | the Orb.
     0 | D:1      | Reached XP level 1. HP: 13/13 MP: 1/1
    67 | D:1      | Reached XP level 2. HP: 16/18 MP: 2/2
   278 | D:1      | Found a faded altar of an unknown god.
   434 | D:1      | Reached skill level 4 in Unarmed Combat
   478 | D:1      | Reached XP level 3. HP: 23/23 MP: 3/3
  1566 | D:2      | Noticed Robin
  1579 | D:2      | Slain by a goblin

Illustrated notes

Levels and vault maps discovered:
D:1:      dpeg_arrival_oval, layout_basic, shapermc_ecumenical_altar_petra,
          lexackson_kobold_supper
D:2:      layout_loops_ring, uniq_robin

Skill      XL: |  1  2 |
---------------+-------+-----
Unarmed Combat | 4 |  4.3
Fighting       | |  1.1
Throwing       | |  0.4
Dodging        | |  2.1
Stealth        | |  0.1
Shapeshifting  | |  3.0

Action                     || total
---------------------------++-------
  Melee: Unarmed           ||   335
         Constrict         ||    27
         Tentacles         ||    79
         Punch             ||    23
    Use: Potion            ||     2
   Stab: Sleeping          ||     5
 Armour: Skin              ||     7
  Dodge: Dodged            ||    39

Table legend: (Time is in decaauts)
 A = Elapsed time spent in this place.
 B = Non-inter-level travel time spent in this place.
 C = Inter-level travel time spent in this place.
 D = Time resting spent in this place.
 E = Time spent auto-exploring this place.
 F = Levels seen in this place.
 G = Mean time per level.
                   A        B        C        D        E       F      G
               +--------+--------+--------+--------+--------+-----+--------+
         Total |   1552 |   1552 |      0 |      0 |    725 |   2 |  776.0 |
       Dungeon |   1552 |   1552 |      0 |      0 |    725 |   2 |  776.0 |
               +--------+--------+--------+--------+--------+-----+--------+

Top non-repeatable levels by time:
     D:1: 1406 daAuts
     D:2: 145 daAuts
